 Dungeon Sprint DCSS version 0.30-a0-1163-gf69bf04e7a (webtiles) character file.

Game seed: 5901979660597529943

4100000 sircluck the Conqueror (level 21, -84/224 HPs)
             Began as a Hill Orc Fighter on Apr 28, 2023.
             Was the Champion of Makhleb.
             Annihilated by a sculptor of flesh
             ... wielding a +9 great sword
              (159 damage)
             ... in the Dungeon (Sprint VIII: "Arena of Blood").
             The game lasted 00:01:53 (41 turns).

sircluck the Conqueror (Hill Orc Fighter)             Turns: 41, Time: 00:01:53

Health: -84/224    AC: 13    Str: 22    XL:     21   Next: 20%
Magic:  19/34      EV: 27    Int:  8    God:    Makhleb [******]
Gold:   0          SH:  0    Dex: 18    Spells: 38/38 levels left

rFire   . . .        k - +∞ Axe of Woe
rCold   . . .        (shield currently unavailable)
rNeg    . . .        b - +0 scale mail
rPois   .            (no helmet)
rElec   .            (no cloak)
rCorr   .            (no gloves)
SInv    .            (no boots)
Will    +....        (no amulet)
Stlth   +++          (no ring)
HPRegen 0.57/turn    (no ring)
MPRegen 0.24/turn

%: no teleportation
@: hasted, very quick
A: no striking features
a: Renounce Religion, Minor Destruction, Lesser Servant of Makhleb, Major
Destruction, Greater Servant of Makhleb


You were in the Dungeon.
You worshipped Makhleb.
Makhleb was exalted by your worship.
You visited 1 branch

Inventory:

Hand Weapons
 a - a +0 war axe
 k - the +∞ Axe of Woe (weapon)
   (You found it in the Dungeon)
Armour
 b - a +0 scale mail (worn)
 c - a +0 buckler
Scrolls
 j - a scroll of blinking
Potions
 d - a potion of might
 e - a potion of curing
 f - a potion of heal wounds
 h - 2 potions of magic
 i - a potion of berserk rage


   Skills:
 O Level 27 Fighting
 + Level 11.6(13.6) Short Blades
 + Level 12.6(14.7) Long Blades
 O Level 27 Axes
 + Level 12.6(20.6) Maces & Flails
 + Level 12.6(20.6) Polearms
 + Level 10.6(14.1) Staves
 + Level 10.6 Ranged Weapons
 + Level 10.7 Throwing
 O Level 27 Armour
 O Level 27 Dodging
 + Level 10.7 Stealth
 O Level 27 Shields
 + Level 12.6 Unarmed Combat
 + Level 9.0 Spellcasting
 + Level 11.6 Conjurations
 + Level 12.9 Hexes
 + Level 11.6 Summonings
 + Level 11.6 Necromancy
 + Level 9.8 Translocations
 + Level 9.0 Transmutations
 + Level 13.6 Fire Magic
 + Level 11.6 Ice Magic
 + Level 10.6 Air Magic
 + Level 12.6 Earth Magic
 + Level 11.8 Poison Magic
 + Level 16.4 Invocations
 + Level 12.9 Evocations


You had 38 spell levels left.
You didn't know any spells.
Your spell library was empty.

Dungeon Overview and Level Annotations

Branches:
Dungeon (1/1)

Altars:
Makhleb


Message History

Flame seeps out of the large bag of meat.
The bag of meat convulses! x5
You hear a shout!
The destroyer points at you and mumbles some strange words.
The destroyer blinks!
The large bag of meat is engulfed in blazing flames.
The destroyer points at you and mumbles some strange words.
The destroyer blinks!
You hear a shout! x2
You hit the large bag of meat.
Flame seeps out of the large bag of meat.
You dissect the large bag of meat like a pig carcass.
Makhleb accepts your kill.
You feel better.
The large bag of meat explodes!
The fiery explosion engulfs you!
You are engulfed in blazing flames.
You hear a shout! x2
The large bag of meat is engulfed in blazing flames.
The eight-headed meat hydra is engulfed in blazing flames.
Your Spellcasting skill increases to level 9!
Your Transmutations skill increases to level 9!
Unknown command.
Unknown command.
A meat berserker, a large bag of meat and 7 bags of meat come into view.
You hear a shout! x3
The bag of meat is engulfed in blazing flames. x2
A bag of meat comes into view. It is wielding a +9 war axe.
You hear a shout!
A bag of meat comes into view. It is wielding a +9 war axe.
The destroyer points at you and mumbles some strange words.
The destroyer blinks!
The destroyer casts a spell at you.
The destroyer blinks!
You hear a shout!
A destroyer comes into view. It is wielding a +9 heavy great sword.
A meat berserker comes into view. It is wielding a +9 battleaxe.
You hear a shout!
The sculptor of flesh hits you with a +9 great sword!!!!!
Ouch! That really hurt!
You die...

#.. #.......#
....###.).....###.
........)###......
.#....))))_.......
....V..#§§).§#....
.O.....#oVo._# .
.....§.#§§§z.#...
.#....°O)§○V..o..
........@###D.....
....###..z....###.
.. #§......#
#o...V..#
o......ooo
........ooo
........O°o
O........OV#


You could see 5 destroyers, 2 sculptors of flesh, 2 large bags of meat, 3 meat
berserkers and 12 bags of meat.

Vanquished Creatures
  Harold (D)
  2 vampire knights (D)
  13 ogres (D)
  2 two-headed ogres (D)
  18 orcs (D)
36 creatures vanquished.

Notes
Turn   | Place    | Note
-------+----------+-------------------------------------------
     0 | D        | Found the +∞ Axe of Woe
     0 | D        | sircluck the Hill Orc Fighter began the quest for the Orb.
     0 | D        | Reached XP level 1. HP: 19/19 MP: 1/1
     1 | D        | Noticed a bag of meat
     1 | D        | Noticed a bag of meat
     3 | D        | Noticed a bag of meat
     5 | D        | Noticed a meat berserker
     5 | D        | Noticed a meat berserker
     8 | D        | Noticed a bag of meat
     8 | D        | Noticed a bag of meat
     9 | D        | Noticed a bag of meat
    10 | D        | Noticed a meat berserker
    10 | D        | Killed a meat berserker
    10 | D        | Noticed a bag of meat
    11 | D        | Reached XP level 2. HP: 28/56 MP: 2/2
    11 | D        | Reached XP level 3. HP: 31/63 MP: 3/3
    11 | D        | Reached XP level 4. HP: 35/71 MP: 4/4
    11 | D        | Reached XP level 5. HP: 39/79 MP: 5/5
    11 | D        | Reached XP level 6. HP: 43/86 MP: 6/6
    11 | D        | Reached XP level 7. HP: 47/94 MP: 7/7
    11 | D        | Reached XP level 8. HP: 51/102 MP: 8/8
    11 | D        | Reached XP level 9. HP: 54/108 MP: 9/9
    11 | D        | Reached XP level 10. HP: 58/117 MP: 10/10
    11 | D        | Reached XP level 11. HP: 62/124 MP: 11/11
    11 | D        | Reached XP level 12. HP: 66/133 MP: 12/12
    11 | D        | Noticed a meat berserker
    11 | D        | Killed a bag of meat
    11 | D        | Killed a bag of meat
    11 | D        | Noticed a bag of meat
    11 | D        | Noticed a bag of meat
    12 | D        | Reached skill level 15 in Axes
    12 | D        | Reached XP level 13. HP: 35/148 MP: 13/13
    12 | D        | Killed a meat berserker
    12 | D        | Noticed a bag of meat
    12 | D        | Noticed a meat berserker
    13 | D        | Reached XP level 14. HP: 39/162 MP: 14/14
    13 | D        | Noticed a meat berserker
    13 | D        | Killed a bag of meat
    13 | D        | Killed a bag of meat
    13 | D        | Killed a meat berserker
    14 | D        | Reached skill level 27 in Fighting
    14 | D        | Reached XP level 15. HP: 43/174 MP: 15/15
    15 | D        | Killed a meat berserker
    16 | D        | Killed a meat berserker
    16 | D        | Killed a meat berserker
    17 | D        | Reached skill level 27 in Axes
    17 | D        | Reached skill level 27 in Armour
    17 | D        | Reached skill level 27 in Shields
    17 | D        | Reached XP level 16. HP: 46/183 MP: 16/16
    19 | D        | Reached skill level 5 in Invocations
    19 | D        | Noticed a meat berserker
    20 | D        | Became a worshipper of Makhleb the Destroyer
    21 | D        | Reached * piety under Makhleb
    22 | D        | Reached skill level 5 in Short Blades
    22 | D        | Reached skill level 5 in Long Blades
    22 | D        | Reached skill level 5 in Maces & Flails
    22 | D        | Reached skill level 5 in Polearms
    22 | D        | Reached skill level 5 in Unarmed Combat
    22 | D        | Reached skill level 5 in Conjurations
    22 | D        | Reached skill level 5 in Hexes
    22 | D        | Reached skill level 5 in Summonings
    22 | D        | Reached skill level 5 in Necromancy
    22 | D        | Reached skill level 5 in Fire Magic
    22 | D        | Reached skill level 5 in Earth Magic
    22 | D        | Reached skill level 5 in Poison Magic
    22 | D        | Reached skill level 5 in Evocations
    22 | D        | Reached XP level 17. HP: 69/191 MP: 16/22
    22 | D        | Noticed a meat berserker
    23 | D        | Noticed a destroyer
    24 | D        | Reached skill level 5 in Staves
    24 | D        | Reached skill level 5 in Ranged Weapons
    24 | D        | Reached skill level 5 in Throwing
    24 | D        | Reached skill level 5 in Stealth
    24 | D        | Reached skill level 5 in Ice Magic
    24 | D        | Noticed a meat berserker
    25 | D        | Reached ** piety under Makhleb
    25 | D        | Noticed a destroyer
    26 | D        | Killed a meat berserker
    26 | D        | Reached *** piety under Makhleb
    26 | D        | Noticed a meat berserker
    26 | D        | Noticed a meat berserker
    27 | D        | Reached XP level 18. HP: 99/200 MP: 17/24
    28 | D        | Killed a meat berserker
    29 | D        | Noticed The Servant
    29 | D        | Killed The Servant
    30 | D        | Reached skill level 27 in Dodging
    30 | D        | Noticed a large bag of meat
    30 | D        | Noticed a meat berserker
    30 | D        | Noticed a large bag of meat
    30 | D        | Noticed a meat berserker
    31 | D        | Killed a meat berserker
    31 | D        | Reached **** piety under Makhleb
    31 | D        | Killed a destroyer
    31 | D        | Killed a meat berserker
    32 | D        | Reached XP level 19. HP: 143/207 MP: 17/28
    32 | D        | Reached ***** piety under Makhleb
    32 | D        | Noticed an eight-headed meat hydra
    33 | D        | Reached skill level 10 in Fire Magic
    34 | D        | Reached skill level 10 in Hexes
    34 | D        | Reached skill level 10 in Evocations
    34 | D        | Reached XP level 20. HP: 201/216 MP: 18/30
    34 | D        | Killed a meat berserker
    35 | D        | Reached skill level 10 in Long Blades
    35 | D        | Reached skill level 10 in Maces & Flails
    35 | D        | Reached skill level 10 in Polearms
    35 | D        | Reached skill level 10 in Unarmed Combat
    35 | D        | Reached skill level 10 in Earth Magic
    35 | D        | Reached skill level 10 in Poison Magic
    35 | D        | Killed a large bag of meat
    35 | D        | Noticed a destroyer
    35 | D        | Noticed a destroyer
    36 | D        | Reached skill level 10 in Short Blades
    36 | D        | Reached skill level 10 in Conjurations
    36 | D        | Reached skill level 10 in Summonings
    36 | D        | Reached skill level 10 in Necromancy
    36 | D        | Reached skill level 10 in Ice Magic
    36 | D        | Killed a destroyer
    37 | D        | Reached skill level 10 in Staves
    37 | D        | Reached skill level 10 in Ranged Weapons
    37 | D        | Reached skill level 10 in Throwing
    37 | D        | Reached skill level 10 in Stealth
    37 | D        | Reached skill level 10 in Air Magic
    37 | D        | Reached skill level 15 in Invocations
    37 | D        | Killed a meat berserker
    37 | D        | Reached ****** piety under Makhleb
    37 | D        | Killed a meat berserker
    37 | D        | Noticed a destroyer
    38 | D        | Reached XP level 21. HP: 113/224 MP: 18/33
    38 | D        | Noticed a large bag of meat
    38 | D        | Noticed a destroyer
    40 | D        | Killed a large bag of meat
    41 | D        | Noticed a meat berserker
    41 | D        | Noticed a large bag of meat
    41 | D        | Noticed a destroyer
    41 | D        | Noticed a meat berserker
    41 | D        | Annihilated by a sculptor of flesh

Illustrated notes

Levels and vault maps discovered:
D:        meatsprint

Skill      XL: |  1  2  3  4  5  6  7  8  9 10 11 12 13 14 15 16 17 18 19 20 21 |
---------------+----------------------------------------------------------------+-----
Fighting       | 20 23 25 27 | 27.0
Axes           | 12 15 17 21 27 | 27.0
Armour         | 17 20 22 25 27 | 27.0
Shields        | 17 20 22 24 27 | 27.0
Short Blades   | 5 8 9 11 | 11.6
Long Blades    | 5 6 9 12 | 12.6
Maces & Flails | 5 6 9 12 | 12.6
Polearms       | 5 6 9 12 | 12.6
Staves         | 4 5 7 8 10 | 10.6
Ranged Weapons | 4 5 7 8 10 | 10.6
Throwing       | 4 5 7 8 10 | 10.7
Dodging        | 4 20 27 | 27.0
Stealth        | 4 5 7 8 10 | 10.7
Unarmed Combat | 5 6 9 12 | 12.6
Spellcasting   | 3 4 6 8 9 |  9.0
Conjurations   | 5 8 9 11 | 11.6
Hexes          | 5 6 9 10 12 | 12.9
Summonings     | 5 8 9 11 | 11.6
Necromancy     | 5 8 9 11 | 11.6
Translocations | 4 6 7 9 |  9.8
Transmutations | 3 4 6 8 9 |  9.0
Fire Magic     | 5 6 9 10 13 | 13.6
Ice Magic      | 4 5 7 8 11 | 11.6
Air Magic      | 4 7 8 10 | 10.6
Earth Magic    | 5 8 9 12 | 12.6
Poison Magic   | 5 8 9 11 | 11.8
Invocations    | 7 8 11 13 16 | 16.4
Evocations     | 5 6 9 10 12 | 12.9

Action                     |  1- 3 |  4- 6 |  7- 9 | 10-12 | 13-15 | 16-18 | 19-21 || total
---------------------------+-------+-------+-------+-------+-------+-------+-------++-------
  Melee: Executioner's axe |     1 |       |       |     1 |     4 |     8 |     7 ||    21
    Use: Potion            |       |       |       |       |       |       |     1 ||     1
 Armour: Scale mail        |       |       |       |       |       |     1 |       ||     1
  Dodge: Dodged            |       |       |       |       |       |     2 |       ||     2

Table legend: (Time is in decaauts)
 A = Elapsed time spent in this place.
 B = Non-inter-level travel time spent in this place.
 C = Inter-level travel time spent in this place.
 D = Time resting spent in this place.
 E = Time spent auto-exploring this place.
 F = Levels seen in this place.
 G = Mean time per level.
                   A        B        C        D        E       F      G
               +--------+--------+--------+--------+--------+-----+--------+
         Total |     36 |     36 |      0 |      0 |      0 |   1 |   36.0 |
       Dungeon |     36 |     36 |      0 |      0 |      0 |   1 |   36.0 |
               +--------+--------+--------+--------+--------+-----+--------+

Top non-repeatable levels by time:
       D: 36 daAuts
